 Dungeon Crawl Stone Soup version 0.29-a0-464-g50448035db (webtiles) character file.

Game seed: 10785376301558976912

41107 rjgk the Unseen (level 13, -1/60 HPs)
             Began as a Spriggan Enchanter on May 21, 2022.
             Was a High Priest of Dithmenos.
             Killed from afar by Azrael (14 damage)
             ... with a bolt of fire
             ... on level 14 of the Dungeon.
             The game lasted 01:25:03 (21067 turns).

rjgk the Unseen (Spriggan Enchanter)               Turns: 21067, Time: 01:25:04

Health: -1/60      AC: 12    Str:  8    XL:     13   Next: 78%
Magic:  25/34      EV: 26    Int: 18    God:    Dithmenos [*****.]
Gold:   1544       SH:  0    Dex: 21    Spells: 14/44 levels left

rFire   + . .      SeeInvis +   f - +4 dagger (speed)
rCold   . . .      Faith    .   (no shield)
rNeg    . . .      Spirit   .   k - +2 steam dragon scales
rPois   .          Reflect  .   (helmet restricted)
rElec   .          Harm     .   C - +0 cloak
rCorr   .          Rampage  .   (gloves unavailable)
Will    ++...                   (boots unavailable) Stlth *+++++++++
                                z - amulet of the acrobat
HPRegen 0.20/turn               m - +6 ring of dexterity
MPRegen 0.24/turn               t - +4 ring of evasion

@: wreathed by umbra, very quick
A: very small, no large weapons, unfitting armour, see invisible, speed 3,
antennae 1, iridescent scales 2, fire resistance 1
a: Renounce Religion, Shadow Step, Shadow Form


You were on level 14 of the Dungeon.
You worshipped Dithmenos.
Dithmenos was extremely pleased with you.
You visited 2 branches of the dungeon, and saw 15 of its levels.
You visited 1 bazaar.
You also visited: Ossuary, Bailey and Ice Cave.

You collected 3136 gold pieces.
You spent 1592 gold pieces at shops.

Inventory:

Hand Weapons
 a - a +1 dagger
 f - a +4 dagger of speed (weapon)
 D - a +3 short sword of electrocution
Missiles
 l - 50 poisoned darts (quivered)
 s - 2 throwing nets
Armour
 k - +2 steam dragon scales (worn)
 C - a +0 cloak (worn)
Jewellery
 d - a ring of fire
 m - a +6 ring of dexterity (left hand)
 t - a +4 ring of evasion (right hand)
 z - an amulet of the acrobat (around neck)
 N - a ring of magical power
Wands
 g - a wand of mindburst (3)
 h - a wand of paralysis (5)
 n - a wand of digging (5)
 w - a wand of charming (3)
 y - a wand of flame (17)
Scrolls
 e - 2 scrolls of magic mapping
 q - a scroll of fear
 r - 2 scrolls of blinking
 E - 4 scrolls of teleportation
 F - 4 scrolls of identify
Potions
 c - 2 potions of cancellation
 j - a potion of ambrosia
 o - 2 potions of experience
 p - 6 potions of lignification
 u - 4 potions of brilliance
 v - a potion of flight
 x - 3 potions of curing
 A - 2 potions of might
 B - a potion of magic
 G - 2 potions of berserk rage
 K - a potion of mutation
 M - a potion of resistance
Miscellaneous
 i - a condenser vane (inert)


   Skills:
 + Level 3.5 Fighting
 - Level 10.0 Short Blades
 + Level 6.3 Dodging
 + Level 16.3 Stealth
 + Level 16.1 Spellcasting
 + Level 16.2 Hexes


You had 14 spell levels left.
You knew the following spells:

 Your Spells              Type           Power      Damage    Failure   Level
a - Ensorcelled Hibernat  Hex/Ice        86%        N/A       1%          2
b - Tukima's Dance        Hex            65%        N/A       0%          3
c - Dazzling Flash        Conj/Hex       86%        N/A       1%          3
d - Confusing Touch       Hex            65%        N/A       0%          3
e - Cause Fear            Hex            32%        N/A       1%          4
f - Discord               Hex            32%        N/A       34%         8
g - Enfeeble              Hex            32%        N/A       4%          7

Your spell library contained the following spells:

 Spells                   Type           Power      Damage    Failure   Level
 Slow                     Hex            100%       N/A       0%          1
 Beastly Appendage        Tmut           28%        N/A       4%          1
 Passwall                 Tmut/Erth      11%        N/A       6%          2
 Sublimation of Blood     Necr           14%        N/A       6%          2
 Wereblood                Tmut           14%        N/A       6%          2
 Gell's Gravitas          Tloc           14%        N/A       13%         3
 Lesser Beckoning         Tloc           14%        N/A       13%         3
 Spider Form              Tmut/Pois      14%        N/A       13%         3
 Swiftness                Air            14%        N/A       13%         3
 Teleport Other           Tloc           14%        N/A       13%         3
 Animate Armour           Summ/Erth      28%        N/A       38%         4
 Petrify                  Tmut/Erth      14%        N/A       38%         4
 Freezing Cloud           Conj/Ice/Air   7%         6-21      75%         5
 Irradiate                Conj/Tmut      7%         3d15      75%         5
 Dispersal                Tloc           7%         N/A       100%        6
 Simulacrum               Ice/Necr       7%         N/A       100%        6
 Statue Form              Tmut/Erth      9%         N/A       100%        6
 Dragon Form              Tmut           7%         N/A       100%        7
 Disjunction              Tloc           7%         N/A       100%        8
 Lehudib's Crystal Spear  Conj/Erth      7%         10d3      100%        8
 Dragon's Call            Summ           7%         N/A       100%        9
 Polar Vortex             Ice            7%         N/A       100%        9


Dungeon Overview and Level Annotations

Branches:
Dungeon (14/15)            Temple (1/1) D:5            Lair (0/6) D:9
    Orc (0/2) D:10         Vaults (0/5) D:13        Ossuary (visited)
 Bailey (visited)           IceCv (visited)

Altars:
Dithmenos
Fedhas
Trog
Vehumet
Wu Jian
Xom
The Shining One

Shops:
D:2 [   D:9 (

Annotations:
D:9 2 transporters, Artemis2's ghost, journeyman MfIE
D:11 2 runed translucent doors, MeArio's ghost, journeyman MiFi
D:14 Azrael


Innate Abilities, Weirdness & Mutations

You are very small and have problems with some larger weapons.
You are too small for most types of armour.
You have supernaturally acute eyesight. (SInv)
You cover ground extremely quickly. (Speed+++)
You have a pair of small antennae on your head.
You are mostly covered in iridescent scales. (AC +4)
Your flesh is heat resistant. (rF+)


Message History

You start resting.
Azrael is nearby!
Casting: Ensorcelled Hibernation (safe; 1% risk of failure)
Confirm with . or Enter, or press ? or * to list all spells.
Aiming: Ensorcelled Hibernation (safe; 1% risk of failure)
Press: ? - help, Shift-Dir - straight line, f - Azrael
Aim: Azrael, wielding a +3 scimitar of flaming (umbra, chance to affect: 50%) Azrael resists with some effort.
Azrael gestures at you.
The fireball explodes!
The fireball engulfs you. You resist.
Unknown command.
Casting: Ensorcelled Hibernation (safe; 1% risk of failure)
Confirm with . or Enter, or press ? or * to list all spells.
Aiming: Ensorcelled Hibernation (safe; 1% risk of failure)
Press: ? - help, Shift-Dir - straight line, f/p - Azrael
Aim: Azrael, wielding a +3 scimitar of flaming (umbra, chance to affect: 50%) Azrael resists with some effort.
Azrael gestures at you.
The sphere of damnation explodes!
The damnation engulfs you!!!
Ouch! That really hurt!
* * * LOW HITPOINT WARNING * * *
You emit a cloud of dark smoke.
Casting: Ensorcelled Hibernation (safe; 1% risk of failure)
Confirm with . or Enter, or press ? or * to list all spells.
Aiming: Ensorcelled Hibernation (safe; 1% risk of failure)
Press: ? - help, Shift-Dir - straight line, f/p - Azrael
Aim: Azrael, wielding a +3 scimitar of flaming (umbra, chance to affect: 50%) Azrael resists with some effort.
Unknown command.
Casting: Ensorcelled Hibernation (safe; 1% risk of failure)
Confirm with . or Enter, or press ? or * to list all spells.
Aiming: Ensorcelled Hibernation (safe; 1% risk of failure)
Press: ? - help, Shift-Dir - straight line, f/p - Azrael
Aim: Azrael, wielding a +3 scimitar of flaming (black smoke, umbra, chance to affect: 50%) Azrael resists with some effort.
Your shadow mimicks your spell!
Azrael easily resists.
Azrael gestures at you. The bolt of fire hits you! You resist.
You die...

#.....# ####...[.#
########........#
#..............##
########.##..#.########
#................>....#
###......#§###.#####.###
#...#..#§§...# #...#
#...#.##@##### ###.#
##.....#R#.### #.#
#..#.○°§§...# #.#
#.†#E##.###.#######.####
#..○..#)#.........(...{.
#...○#..#.###.########u###
#.#R○#).#.##### #.# #
#.#.○#..#.....# #####u# #
# #.○########.# #.u...#


You could see Azrael.

Vanquished Creatures
  Harold (D:10)
  A boulder beetle (D:13)
  Erolcha (D:10)
  2 hydras
  6 vault guards (D:13)
  A death knight (D:9)
  3 two-headed ogres
  A catoblepas (D:13)
  4 centaur warriors
  2 tengu warriors (D:13)
  An orc high priest (Bailey)
  Urug (D:13)
  A skeletal warrior (D:14)
  A steelbarb worm (shapeshifter) (D:13)
  An orc knight (Bailey)
  2 deep elf pyromancers
  An ugly thing (D:9)
  3 manticores
  2 cyclopes
  Maurice (D:10)
  5 kobold demonologists
  2 gargoyles
  A komodo dragon (D:11)
  3 efreet
  A tengu conjurer (D:9)
  A polar bear (shapeshifter) (D:13)
  2 trolls
  A hornet (D:9)
  Grinder (D:6)
  15 slime creatures
  3 centaur simulacra (D:12)
  Sigmund (D:3)
  7 yaks
  2 water elementals (D:12)
  2 dancing weapons
  2 wraiths
  A wyvern (D:8)
  A fire elemental (D:13)
  2 steam dragons
  A basilisk (D:9)
  4 vampire mosquitoes
  A warg (D:10)
  An acid dragon (D:10)
  2 water moccasins (D:9)
  A hell hound (D:14)
  4 sky beasts
  12 orc warriors
  A black bear (D:4)
  6 ice beasts
  An ogre (D:4)
  4 centaurs
  2 wolves (D:12)
  A phantom (D:4)
  7 kobold brigands
  An elf zombie (Ossuary)
  4 bullfrogs
  2 scorpions
  A wight (D:9)
  4 howler monkeys
  4 electric eels (Bailey)
  A gnoll shaman (D:5)
  4 centaur zombies (Ossuary)
  A hound (D:5)
  A jelly (D:8)
  5 orc priests
  2 iguanas
  9 orc wizards
  Terence (D:2)
  A hound zombie (Ossuary)
  3 mummies (Ossuary)
  12 gnolls
  3 adders
  4 white imps
  3 ufetubi
  5 adder zombies (Ossuary)
  2 worms
  2 dart slugs (D:1)
  45 orcs
  5 ball pythons
  8 endoplasms
  3 giant cockroaches (D:3)
  2 gnoll zombies (Ossuary)
  13 goblins
  8 hobgoblins
  18 kobolds
  7 quokkas
  7 bats
  2 frilled lizards (D:2)
  A goblin zombie (Ossuary)
  A hobgoblin zombie (Ossuary)
  4 jackal zombies (Ossuary)
  5 kobold zombies (Ossuary)
  2 orc zombies (Ossuary)
  2 quokka zombies (Ossuary)
  3 rats
  7 rat zombies (Ossuary)
355 creatures vanquished.

Vanquished Creatures (collateral kills)
  A vault guard (D:13)
  5 two-headed ogres
  A deep elf pyromancer (D:13)
  A kobold demonologist (D:11)
  An efreet (D:13)
  A yak (D:8)
  A vampire mosquito (D:13)
  4 orc warriors
  An ice beast (D:8)
  2 kobold brigands (D:11)
  Blork the orc (D:5)
  2 gnoll sergeants
  A killer bee (D:9)
  An orc priest (D:10)
  2 orc wizards
  5 gnolls
  7 orcs
  A goblin (Bailey)
  A hobgoblin (Bailey)
  3 kobolds
42 creatures vanquished.

Vanquished Creatures (others)
  An ugly thing (D:14)
  A manticore (D:14)
  10 dancing weapons
  An electric eel (D:12)
  A kobold (D:10)
  A plant (D:12)
15 creatures vanquished.

Grand Total: 412 creatures vanquished

Notes
Turn   | Place    | Note
-------+----------+-------------------------------------------
     0 | D:1      | rjgk the Spriggan Enchanter began the quest for the Orb.
     0 | D:1      | Reached XP level 1. HP: 9/9 MP: 5/5
     2 | D:1      | Noticed a troll
     2 | D:1      | Noticed a demonspawn
     4 | D:1      | Noticed a felid
     4 | D:1      | Noticed a vampire
     6 | D:1      | Noticed a human
     8 | D:1      | Noticed a naga
    10 | D:1      | Noticed a formicid
    12 | D:1      | Noticed a tengu
    14 | D:1      | Noticed a ghoul
    14 | D:1      | Noticed an elf
    16 | D:1      | Noticed an octopode
    16 | D:1      | Noticed an ogre
    18 | D:1      | Noticed a draconian
    18 | D:1      | Noticed a dwarf
    20 | D:1      | Noticed a gargoyle
    22 | D:1      | Noticed a demigod
    22 | D:1      | Noticed a spriggan
    24 | D:1      | Noticed a merfolk
    24 | D:1      | Noticed a vine stalker
    26 | D:1      | Noticed a minotaur
   185 | D:1      | Reached XP level 2. HP: 12/13 MP: 7/7
   188 | D:1      | Learned a level 2 spell: Ensorcelled Hibernation
   864 | D:2      | Reached XP level 3. HP: 16/16 MP: 1/9
   870 | D:2      | Learned a level 3 spell: Tukima's Dance
   874 | D:2      | Learned a level 3 spell: Confusing Touch
  1376 | D:2      | Found Susoy's Antique Armour Boutique.
  1396 | D:2      | Bought a runed robe for 88 gold pieces
  1842 | D:3      | Noticed Sigmund
  1857 | D:3      | Killed Sigmund
  1858 | D:3      | Reached skill level 5 in Spellcasting
  1858 | D:3      | Reached skill level 5 in Hexes
  1858 | D:3      | Reached XP level 4. HP: 8/21 MP: 2/12
  1858 | D:3      | Reached XP level 5. HP: 9/24 MP: 2/13
  2165 | D:3      | Learned a level 3 spell: Dazzling Flash
  2672 | D:3      | Found a faded altar of an unknown god.
  3208 | D:2      | Noticed Terence
  3229 | D:2      | Killed Terence
  3230 | D:2      | Reached XP level 6. HP: 18/28 MP: 9/15
  4153 | D:4      | Found an ornate altar of the Wu Jian Council.
  4396 | D:4      | Reached XP level 7. HP: 32/32 MP: 14/18
  4690 | D:5      | Entered Level 5 of the Dungeon
  4804 | D:5      | Found a sand-covered staircase.
  4810 | Ossuary  | Entered an ossuary
  5666 | D:5      | Found a staircase to the Ecumenical Temple.
  5694 | Temple   | Entered the Ecumenical Temple
  5719 | Temple   | Became a worshipper of Dithmenos the Shadowed
  5764 | D:5      | Noticed Blork the orc
  5776 | D:5      | Killed Blork the orc
  5777 | D:5      | Reached XP level 8. HP: 36/36 MP: 18/21
  6656 | D:6      | Noticed Grinder
  6679 | D:6      | Killed Grinder
  6680 | D:6      | Reached skill level 10 in Hexes
  6684 | D:6      | Reached * piety under Dithmenos
  6773 | D:6      | Identified a scroll of acquirement
  6773 | D:6      | Acquired 1105 gold pieces
  6873 | D:6      | Reached skill level 10 in Spellcasting
  7031 | D:7      | Found a flagged portal.
  7090 | Bailey   | Entered a bailey
  7300 | Bailey   | Reached XP level 9. HP: 25/39 MP: 15/24
  7545 | Bailey   | Noticed an orc knight
  7584 | Bailey   | Killed an orc knight
  7727 | Bailey   | Acquired 605 gold pieces
  7889 | Bailey   | Noticed a kobold demonologist
  7898 | Bailey   | Killed a kobold demonologist
  8426 | Bailey   | Found an iron altar of Okawaru.
  8426 | Bailey   | Noticed an orc high priest
  8444 | Bailey   | Noticed an ice devil
  8444 | Bailey   | Noticed a red devil
  8448 | Bailey   | Killed an orc high priest
  8449 | Bailey   | Reached XP level 10. HP: 32/44 MP: 17/27
  9027 | D:7      | Reached ** piety under Dithmenos
  9495 | D:8      | Noticed a two-headed ogre
  9537 | D:8      | Killed a two-headed ogre
 10166 | D:8      | Gained mutation: You have hidden genetic potential. [potion
                  | of mutation]
 10166 | D:8      | Gained mutation: You have a pair of small antennae on your
                  | head. [potion of mutation]
 10166 | D:8      | Gained mutation: You are partially covered in iridescent
                  | scales. (AC +2) [potion of mutation]
 10601 | D:9      | Found a transporter.
 10607 | D:9      | Noticed a two-headed ogre
 10930 | D:9      | Killed a two-headed ogre
 11039 | D:9      | Found a staircase to the Lair.
 11153 | D:9      | Found Pocyl's Antique Weapon Emporium.
 11367 | D:9      | Reached XP level 11. HP: 42/47 MP: 15/30
 11448 | D:9      | Noticed a green ugly thing
 11479 | D:9      | Killed a green ugly thing
 11479 | D:9      | Reached *** piety under Dithmenos
 11480 | D:9      | Reached skill level 15 in Hexes
 11654 | D:9      | Gained mutation: Your flesh is heat resistant. (rF+)
                  | [hidden potential]
 11660 | D:9      | Identified the +3 hand axe of Gopluukug {protect, rPois rN+
                  | Int-2 Dex+4}
 11660 | D:9      | Noticed a deep elf pyromancer
 11672 | D:9      | Killed a deep elf pyromancer
 11673 | D:9      | Reached skill level 15 in Spellcasting
 11737 | D:9      | Noticed a death knight
 11905 | D:9      | Killed a death knight
 12027 | D:9      | Noticed a two-headed ogre
 12114 | D:9      | Killed a two-headed ogre
 12401 | D:9      | Noticed a two-headed ogre
 12414 | D:9      | Killed a two-headed ogre
 12613 | D:9      | Noticed a two-headed ogre
 12619 | D:9      | Found a bloodstained altar of Trog.
 12619 | D:9      | Noticed Artemis2's ghost (journeyman MfIE)
 12624 | D:9      | Noticed a tengu warrior
 12627 | D:9      | Killed a two-headed ogre
 12931 | D:9      | Found a transporter.
 13117 | D:10     | Entered Level 10 of the Dungeon
 13146 | D:10     | Noticed a two-headed ogre
 13166 | D:10     | Killed a two-headed ogre
 13338 | D:10     | Found a staircase to the Orcish Mines.
 13531 | D:10     | Noticed Maurice
 13541 | D:10     | Killed Maurice
 13571 | D:10     | Found Wyrum's Magic Scroll Shop.
 13589 | D:10     | Bought a scroll of teleportation for 45 gold pieces
 13589 | D:10     | Bought a scroll of identify for 30 gold pieces
 13589 | D:10     | Bought a scroll of acquirement for 780 gold pieces
 13589 | D:10     | Bought a scroll of enchant armour for 112 gold pieces
 13589 | D:10     | Bought a scroll of enchant weapon for 112 gold pieces
 13589 | D:10     | Bought a scroll of identify for 30 gold pieces
 13589 | D:10     | Bought a scroll of summoning for 142 gold pieces
 13589 | D:10     | Bought a scroll of teleportation for 45 gold pieces
 13589 | D:10     | Bought a scroll of summoning for 142 gold pieces
 13844 | D:10     | Reached **** piety under Dithmenos
 13845 | D:10     | Reached XP level 12. HP: 49/51 MP: 32/32
 13980 | D:10     | Noticed a two-headed ogre
 13998 | D:10     | Killed a two-headed ogre
 14164 | D:10     | Noticed Harold
 14183 | D:10     | Killed Harold
 14200 | D:10     | Gained mutation: You are mostly covered in iridescent
                  | scales. (AC +4) [hidden potential]
 14200 | D:10     | Lost mutation: You have hidden genetic potential. [hidden
                  | potential expressed]
 14415 | D:10     | Noticed Erolcha
 14417 | D:10     | Killed Erolcha
 14418 | D:10     | Reached skill level 10 in Stealth
 14808 | D:11     | Found a runed translucent door.
 14812 | D:11     | You fall into a shaft and drop 1 floor!
 14862 | D:12     | Found a flickering gateway to a bazaar.
 14872 | Bazaar   | Entered a bazaar
 14872 | Bazaar   | Found Yssookhlirog's General Store.
 14872 | Bazaar   | Found Toireis's General Store.
 14872 | Bazaar   | Found Syucsun's Antique Armour Shop.
 14874 | Bazaar   | Found Giriej Idugg's Antique Weapon Emporium.
 14925 | Bazaar   | Bought a scroll of immolation for 42 gold pieces
 14925 | Bazaar   | Bought a scroll of identify for 24 gold pieces
 14988 | D:12     | Reached skill level 5 in Short Blades
 15118 | D:12     | Found a frozen archway.
 15128 | IceCv    | Entered an ice cave
 15446 | D:12     | Noticed a five-headed hydra
 15705 | D:11     | Noticed a four-headed hydra
 16143 | D:11     | Found a runed translucent door.
 16145 | D:11     | Noticed a deep troll earth mage
 16147 | D:11     | Noticed a deep troll earth mage
 16270 | D:11     | Learned a level 4 spell: Cause Fear
 16282 | D:11     | Noticed a two-headed ogre
 16312 | D:11     | Killed a two-headed ogre
 16756 | D:11     | Killed a four-headed hydra
 16835 | D:11     | Noticed a lich
 16835 | D:11     | Noticed MeArio's ghost (journeyman MiFi)
 17831 | D:12     | Killed a five-headed hydra
 17893 | D:12     | Acquired Effeurghi's Handbook of Bewitchment and Earth
 17906 | D:12     | Learned a level 8 spell: Discord
 18527 | D:12     | Reached ***** piety under Dithmenos
 18553 | D:13     | Noticed a centaur warrior
 18577 | D:13     | Killed a centaur warrior
 18578 | D:13     | Reached XP level 13. HP: 55/55 MP: 19/33
 18711 | D:13     | Learned a level 7 spell: Enfeeble
 18837 | D:13     | Noticed Urug
 19022 | D:13     | Killed Urug
 19051 | D:13     | Reached skill level 15 in Stealth
 19267 | D:13     | Reached skill level 1 in Fighting
 19426 | D:13     | Found a gate to the Vaults.
 19763 | D:13     | Reached skill level 10 in Short Blades
 20095 | D:13     | Reached skill level 5 in Dodging
 20931 | D:14     | Noticed Azrael
 21067 | D:14     | Killed from afar by Azrael

Illustrated notes

Levels and vault maps discovered:
D:1:      kb_arrival_jail, layout_basic
D:2:      layout_basic, serial_shops, shop, uniq_terence
D:3:      layout_loops_ring, hellmonk_ecumenical_altar_zigzags, uniq_sigmund
D:4:      layout_rooms, mainiacjoe_overflow_24_doors
D:5:      layout_basic, minmay_temple_entry_tees, nicolae_ossuary_entry_plus,
          uniq_blork_the_orc
D:6:      layout_rooms, uniq_grinder
D:7:      layout_rooms, enter_bailey_2, minmay_unpleasant_kobolds
D:8:      layout_gridville
D:9:      minmay_slanted_spiral_squares, layout_loops_ring, lair_entry_dummy,
          serial_shops, shop, gammafunk_ghost_wrathful_warriors
D:10:     layout_irregular_city, erik_orc_3, serial_shops,
          nicolae_shop_waterfront, uniq_maurice, uniq_erolcha, uniq_harold
D:11:     layout_basic, muffindrake_ghost_dual_entry
D:12:     layout_basic, serial_ice, serial_ice_f, serial_ice_a, serial_ice_l,
          serial_ice_b, portal_ice_cave_entry_pillars_1, serial_shops,
          bzr_entry_lakeside
D:13:     layout_rooms, erik_vaults_2, uniq_urug
D:14:     layout_basic, kennysheep_generic_room_16, uniq_frances, uniq_azrael
Temple:   mainiacjoe_temple_circle_huts

Skill      XL: |  1  2  3  4  5  6  7  8  9 10 11 12 13 |
---------------+----------------------------------------+-----
Spellcasting   | 3 5 7 8 10 12 14 15 16 | 16.1
Hexes          | 4 5 6 7 8 10 12 14 16 | 16.2
Stealth        | 8 14 16 | 16.3
Short Blades   | 2 8 10 | 10.0
Dodging        | 6 |  6.3
Fighting       | 3 |  3.5

Action                   |  1- 3 |  4- 6 |  7- 9 | 10-12 | 13-15 || total
-------------------------+-------+-------+-------+-------+-------++-------
Melee: Dagger            |    87 |   142 |   322 |   465 |   152 ||  1168
       Punch             |       |     2 |     6 |     3 |     1 ||    12
 Cast: Ensorcelled Hiber |     7 |    31 |    40 |   152 |    39 ||   269
       Tukima's Dance    |     2 |     8 |    19 |    64 |    24 ||   117
       Confusing Touch   |       |     1 |    11 |    28 |     8 ||    48
       Enfeeble          |       |       |       |       |     1 ||     1
Invok: Shadow Step       |       |       |       |     1 |       ||     1
Evoke: Wand              |       |       |     5 |    31 |    12 ||    48
       Condenser vane    |       |       |       |     1 |     1 ||     2
  Use: Scroll            |     9 |     4 |     9 |    19 |     4 ||    45
       Potion            |     3 |       |     5 |     8 |       ||    16
 Stab: Sleeping          |    20 |    20 |    43 |    77 |    24 ||   184
       Distracted        |       |     1 |     1 |     5 |     1 ||     8
       Confused          |       |       |    16 |    30 |     9 ||    55
       Invisible         |       |       |     3 |       |       ||     3
       Petrified         |       |       |       |       |     1 ||     1
Armor: Robe              |     7 |    12 |    35 |    19 |       ||    73
       Skin              |     2 |       |       |       |       ||     2
       Steam dragon scal |       |       |       |    29 |    13 ||    42
Dodge: Dodged            |    42 |    86 |   180 |   331 |    54 ||   693

Table legend: (Time is in decaauts)
 A = Elapsed time spent in this place.
 B = Non-inter-level travel time spent in this place.
 C = Inter-level travel time spent in this place.
 D = Time resting spent in this place.
 E = Time spent auto-exploring this place.
 F = Levels seen in this place.
 G = Mean time per level.
                   A        B        C        D        E       F      G
               +--------+--------+--------+--------+--------+-----+--------+
         Total |  16707 |  16421 |    286 |   4434 |   8560 |  19 |  879.3 |
       Dungeon |  14465 |  14186 |    279 |   3189 |   8133 |  14 | 1033.2 |
        Temple |     23 |     16 |      7 |      0 |      7 |   1 |   23.0 |
        Bazaar |     46 |     46 |      0 |      0 |     36 |   1 |   46.0 |
       Ossuary |    631 |    631 |      0 |    316 |     69 |   1 |  631.0 |
        Bailey |   1533 |   1533 |      0 |    929 |    314 |   1 | 1533.0 |
      Ice Cave |      7 |      7 |      0 |      0 |      0 |   1 |    7.0 |
               +--------+--------+--------+--------+--------+-----+--------+

Top non-repeatable levels by time:
     D:9: 2055 daAuts
    D:12: 1992 daAuts
    D:13: 1594 daAuts
  Bailey: 1533 daAuts
     D:2: 1203 daAuts
    D:11: 1189 daAuts
    D:10: 1136 daAuts
     D:3: 1132 daAuts
     D:8: 1110 daAuts
     D:5: 682 daAuts
     D:4: 635 daAuts
 Ossuary: 631 daAuts
     D:1: 604 daAuts
     D:7: 552 daAuts
     D:6: 367 daAuts
